 Dungeon Sprint DCSS version 0.18-a0-1426-g3b9a63c (webtiles) character file.

21294 Kidiri the Unseen (level 12, -13/62 HPs)
             Began as a Spriggan Enchanter on Feb 26, 2016.
             Was an Elder of Dithmenos.
             Mangled by a spriggan defender
             ... wielding a +1 rapier of venom
              (20 damage)
             ... in the Dungeon (Sprint IV: "Fedhas' Mad Dash") on Feb 27, 2016.
             The game lasted 00:22:30 (3829 turns).

Kidiri the Unseen (Spriggan Enchanter)              Turns: 3829, Time: 00:22:30

Health: -13/62     AC:  7    Str:  9    XL:     12   Next: 52%
Magic:  2/31       EV: 33    Int: 24    God:    Dithmenos [****..]
Gold:   273        SH:  7    Dex: 19    Spells: 9 memorised, 14 levels left

rFire  . . .     SeeInvis +     f - +5 rapier of the Beast {pierce, Str+5}
rCold  . . .     Gourm    .     b - +2 robe
rNeg   . . .     Faith    .     e - +0 buckler
rPois  .         Spirit   .     (helmet restricted)
rElec  .         Dismiss  .     l - +2 cloak {+Inv}
rCorr  .         Reflect  .     (gloves unavailable)
SustAt .         Harm     .     (boots unavailable)
MR     ++...     NoTele   +     (no amulet)
Stlth  ++++++++++               (no ring)
                                (no ring)

@: brilliant, lethally poisoned (-13 -> -35), very slightly contaminated,
hasted, wreathed by umbra, studying Throwing, very quick, very resistant to
hostile enchantments, uncannily stealthy
A: unfitting armour, see invisible, herbivore 3, speed 3, slow metabolism 2
a: Shadow Step, Renounce Religion, Evoke Invisibility


You were in the Dungeon.
You worshipped Dithmenos.
Dithmenos was greatly pleased with you.
You were not hungry.

You visited 1 branch You collected 483 gold pieces.
You spent 210 gold pieces at shops.

Inventory:

Hand Weapons
 c - a +7 quick blade
 f - the +5 rapier of the Beast (weapon) {pierce, Str+5}
   (You found it in the Dungeon)

   It inflicts extra damage upon your enemies.
   It affects your strength (+5).
Armour
 b - a +2 robe (worn)
 e - a +0 buckler (worn)
 l - a +2 cloak of invisibility (worn)
Wands
 p - a wand of confusion (28/48)
Books
 o - a manual of Throwing
Comestibles
 m - 10 royal jellies


   Skills:
 + Level 6.9 Fighting
 * Level 12.7 Short Blades
 + Level 6.4 Armour
 * Level 16.1 Dodging
 * Level 17.6 Stealth
 * Level 4.4 Shields
 * Level 14.0 Spellcasting
 + Level 6.1 Conjurations
 + Level 10.7 Hexes
 + Level 8.5 Translocations
 + Level 6.8 Ice Magic
 + Level 5.2 Earth Magic
 + Level 7.9 Invocations
 + Level 10.2 Evocations


You had 14 spell levels left.
You knew the following spells:

 Your Spells              Type           Power        Failure   Level  Hunger
a - Corona                Hex            ######.      1%          1    None
b - Ensorcelled Hibernat  Hex/Ice        ######       1%          2    None
c - Confuse               Hex            ######..     1%          3    None
d - Tukima's Dance        Hex            ######..     1%          3    None
e - Dazzling Spray        Conj/Hex       ######..     1%          3    None
f - Slow                  Hex            ######..     1%          2    None
g - Gell's Gravitas       Hex/Tloc       ######....   1%          3    None
h - Cause Fear            Hex            ######....   1%          4    None
i - Leda's Liquefaction   Hex/Erth       ######....   1%          4    None


Dungeon Overview and Level Annotations

Branches:
Dungeon (1/1)

Altars:
Cheibriados
Dithmenos
Elyvilon
Gozag
Kikubaaqudgha
Makhleb
Nemelex Xobeh
Okawaru
Pakellas
Qazlal
Ru
Sif Muna
Trog
Vehumet
Xom
Yredelemnul
Zin
The Shining One
Beogh
Jiyva
Lugonu

Shops:
D :*}[[%}}!**:=%:%*}*!:


Innate Abilities, Weirdness & Mutations

You are tiny and cannot use many weapons and most armour.
You have supernaturally acute eyesight.
You are an herbivore.
You cover ground extremely quickly.
You need consume almost no food.


Message History

The spriggan defender blocks your attack.
The spriggan defender is lightly wounded.
* * * LOW HITPOINT WARNING * * *
You feel sick.
You barely miss the spriggan defender.
The spriggan defender is lightly wounded.
* * * LOW HITPOINT WARNING * * *
You feel sick.
The spriggan defender hits you with a rapier of venom.
* * * LOW HITPOINT WARNING * * *
The spriggan defender blocks your attack.
The spriggan defender is lightly wounded.
* * * LOW HITPOINT WARNING * * *
You feel sick.
You miss the spriggan defender.
The spriggan defender is lightly wounded.
* * * LOW HITPOINT WARNING * * *
You feel sick.
The spriggan defender hits you with a rapier of venom!!
You die...

.........)P..........♣.)...§§§§.)
.....)....P...###################
'############## ####### #######
.....# ###..#####..P∩∩###....|###
..P..# #.)..+........)##...P.)+[#
...### #%%..#####P....+.......###
..## ##....# #################
...####.....#####∩∩∩#............
............'...@i.∩'............
............#####∩∩∩#............
############# #################
.♣..♣..♣..♣ ......)....
.♣..♣..♣..♣ #######


You could see a spriggan defender.

Vanquished Creatures
  Agnes (D)
  A ghost moth (D)
  2 spriggan defenders (D)
  2 spriggan berserkers (D)
  2 spriggan druids (D)
  23 oklob plants (D)
  3 demonic crawlers (D)
  3 burning bushes (D)
  A queen bee (D)
  3 wandering mushrooms (D)
  7 wasps (D)
  2 scorpions (D)
  4 killer bees (D)
  5 oklob saplings (D)
  2 worker ants (D)
  9 spriggans (D)
  A river rat (D)
  A rat (D)
  2 ballistomycetes (D)
  2 giant spores (D)
76 creatures vanquished.

Notes
Turn   | Place    | Note
--------------------------------------------------------------
     0 | D        | Kidiri the Spriggan Enchanter began the quest for the Orb.
     0 | D        | Reached XP level 1. HP: 9/9 MP: 5/5
    10 | D        | Reached XP level 2. HP: 14/14 MP: 5/7
    19 | D        | Learned a level 2 spell: Ensorcelled Hibernation
    37 | D        | Reached skill level 5 in Stealth
    79 | D        | Noticed an oklob sapling
    80 | D        | Killed an oklob sapling
    80 | D        | Reached skill level 1 in Fighting
    80 | D        | Reached skill level 1 in Armour
    80 | D        | Reached XP level 3. HP: 18/18 MP: 7/9
    85 | D        | Learned a level 3 spell: Confuse
    89 | D        | Learned a level 3 spell: Dazzling Spray
   102 | D        | Reached skill level 5 in Dodging
   102 | D        | Reached skill level 6 in Stealth
   102 | D        | Reached skill level 1 in Ice Magic
   147 | D        | Found a snail-covered altar of Cheibriados.
   147 | D        | Found a glowing silver altar of Zin.
   147 | D        | Found a white marble altar of Elyvilon.
   150 | D        | Found a viscous altar of Jiyva.
   150 | D        | Found a radiant altar of Vehumet.
   150 | D        | Found a deep blue altar of Sif Muna.
   150 | D        | Found a burning altar of Makhleb.
   150 | D        | Found an oddly glowing altar of Pakellas.
   150 | D        | Found an ancient bone altar of Kikubaaqudgha.
   150 | D        | Found a bloodstained altar of Trog.
   150 | D        | Found a corrupted altar of Lugonu.
   150 | D        | Found a sacrificial altar of Ru.
   150 | D        | Noticed an oklob sapling priest
   151 | D        | Found a glowing golden altar of the Shining One.
   151 | D        | Found a sparkling altar of Nemelex Xobeh.
   152 | D        | Found a shadowy altar of Dithmenos.
   153 | D        | Found an iron altar of Okawaru.
   153 | D        | Found a shimmering altar of Xom.
   154 | D        | Found an opulent altar of Gozag.
   155 | D        | Found a roughly hewn altar of Beogh.
   155 | D        | Found a basalt altar of Yredelemnul.
   156 | D        | Killed an oklob sapling priest
   156 | D        | Reached skill level 7 in Stealth
   156 | D        | Reached skill level 5 in Spellcasting
   156 | D        | Reached skill level 1 in Evocations
   156 | D        | Reached XP level 4. HP: 23/23 MP: 9/12
   157 | D        | Found a stormy altar of Qazlal.
   161 | D        | Became a worshipper of Dithmenos the Shadowed
   173 | D        | Learned a level 3 spell: Tukima's Dance
   291 | D        | Reached skill level 5 in Hexes
   291 | D        | Reached XP level 5. HP: 26/26 MP: 11/14
   304 | D        | Reached skill level 8 in Stealth
   304 | D        | Reached skill level 1 in Conjurations
   304 | D        | Reached skill level 1 in Invocations
   356 | D        | Reached * piety under Dithmenos
   410 | D        | Found Neockol's Book Shop.
   410 | D        | Found Gautt's Food Emporium.
   542 | D        | Noticed a burning bush
   542 | D        | Noticed a wandering mushroom
   546 | D        | Noticed a wandering mushroom
   553 | D        | Killed a burning bush
   553 | D        | Reached skill level 9 in Stealth
   553 | D        | Reached XP level 6. HP: 22/32 MP: 4/17
   832 | D        | Reached skill level 10 in Stealth
   832 | D        | Reached XP level 7. HP: 36/36 MP: 10/18
   845 | D        | Killed a wandering mushroom
   854 | D        | Killed a wandering mushroom
   859 | D        | Found Deuvu's General Store.
   859 | D        | Found Tonuinni's Gadget Shoppe.
  1015 | D        | Noticed a queen bee
  1022 | D        | Killed a queen bee
  1022 | D        | Reached skill level 10 in Dodging
  1022 | D        | Reached skill level 11 in Stealth
  1022 | D        | Reached skill level 5 in Evocations
  1022 | D        | Reached XP level 8. HP: 40/42 MP: 19/21
  1023 | D        | Reached ** piety under Dithmenos
  1038 | D        | Noticed an oklob plant
  1248 | D        | Killed an oklob plant
  1248 | D        | Reached skill level 12 in Stealth
  1340 | D        | Noticed a burning bush
  1343 | D        | Killed a burning bush
  1343 | D        | Reached *** piety under Dithmenos
  1356 | D        | Noticed a burning bush
  1356 | D        | Noticed an oklob plant
  1357 | D        | Noticed a wandering mushroom
  1369 | D        | Killed a burning bush
  1369 | D        | Reached XP level 9. HP: 45/45 MP: 17/23
  1373 | D        | Killed an oklob plant
  1373 | D        | Reached skill level 10 in Spellcasting
  1480 | D        | Killed a wandering mushroom
  1480 | D        | Reached skill level 13 in Stealth
  1706 | D        | Noticed a spriggan druid
  1707 | D        | Killed a spriggan druid
  1707 | D        | Reached skill level 5 in Invocations
  1720 | D        | Noticed an oklob plant conjurer
  1721 | D        | Killed an oklob plant conjurer
  1727 | D        | Learned a level 2 spell: Slow
  1731 | D        | Learned a level 3 spell: Gell's Gravitas
  1736 | D        | Learned a level 4 spell: Cause Fear
  1741 | D        | Learned a level 4 spell: Leda's Liquefaction
  1919 | D        | Noticed an oklob plant
  1919 | D        | Noticed an oklob plant summoner
  1920 | D        | Noticed an oklob plant shifter
  1924 | D        | Killed an oklob plant summoner
  1924 | D        | Reached skill level 1 in Translocations
  1925 | D        | Killed an oklob plant shifter
  1925 | D        | Reached skill level 5 in Fighting
  1925 | D        | Reached skill level 1 in Earth Magic
  1925 | D        | Reached XP level 10. HP: 49/51 MP: 19/26
  1948 | D        | Killed an oklob plant
  1948 | D        | Reached skill level 14 in Stealth
  2062 | D        | Reached skill level 10 in Short Blades
  2062 | D        | Reached skill level 5 in Ice Magic
  2070 | D        | Noticed a spriggan rider
  2071 | D        | Found Unliejer's Distillery.
  2078 | D        | Upgraded the game from 0.18-a0-1418-ga86aa8f to 0.18-a0-1426-g3b9a63c
  2095 | D        | Killed a spriggan rider
  2095 | D        | Reached **** piety under Dithmenos
  2112 | D        | Found Sisosico's Book Shoppe.
  2265 | D        | Noticed Agnes
  2267 | D        | Found Ruywk's Food Emporium.
  2267 | D        | Noticed a spriggan berserker
  2268 | D        | Found Oxeqor's Assorted Antiques.
  2269 | D        | Killed Agnes
  2269 | D        | Reached skill level 5 in Armour
  2269 | D        | Reached skill level 15 in Stealth
  2273 | D        | Noticed a spriggan defender
  2306 | D        | Noticed an elephant
  2319 | D        | HP: 2/51 [spriggan berserker/war axe (24)]
  2324 | D        | Killed a spriggan berserker
  2624 | D        | Killed a spriggan defender
  2624 | D        | Reached skill level 5 in Translocations
  2624 | D        | Reached XP level 11. HP: 54/56 MP: 23/28
  2641 | D        | Bought a potion of heal wounds for 105 gold pieces
  2641 | D        | Bought a potion of heal wounds for 105 gold pieces
  2658 | D        | Noticed a spriggan rider
  2663 | D        | Killed a spriggan rider
  2663 | D        | Reached skill level 5 in Conjurations
  2691 | D        | Noticed a ghost moth
  2692 | D        | Found Naisime's Assorted Antiques.
  2692 | D        | Found Ficubed's Gadget Emporium.
  2692 | D        | Found Fipeofo's Book Shoppe.
  2700 | D        | Killed a ghost moth
  2700 | D        | Reached skill level 1 in Shields
  2857 | D        | Noticed an oklob plant shifter
  2857 | D        | Noticed an oklob plant meteorologist
  2859 | D        | Killed an oklob plant meteorologist
  2859 | D        | Reached skill level 16 in Stealth
  2865 | D        | Killed an oklob plant shifter
  2877 | D        | Noticed a spriggan rider
  2881 | D        | Killed a spriggan rider
  2946 | D        | Noticed an oklob plant summoner
  2947 | D        | Found Ticzyap's Book Emporium.
  2948 | D        | Found Sawnam's Jewellery Shop.
  2950 | D        | Killed an oklob plant summoner
  2977 | D        | Noticed an oklob plant demonologist
  2977 | D        | Noticed an oklob plant annihilator
  2978 | D        | Noticed a spriggan berserker
  2982 | D        | Killed an oklob plant demonologist
  2982 | D        | Reached skill level 15 in Dodging
  2982 | D        | Reached skill level 10 in Hexes
  2984 | D        | Killed a spriggan berserker
  2985 | D        | Killed an oklob plant annihilator
  2988 | D        | Got a twisted rapier
  2989 | D        | Identified the +5 rapier of the Beast {pierce, Str+5} (You found it in the Dungeon)
  3039 | D        | Found Poshrao's Antique Armour Shoppe.
  3039 | D        | Found Geaddoed's Food Boutique.
  3039 | D        | Found Tuiqu's Gadget Emporium.
  3040 | D        | Found Menwi's General Store.
  3040 | D        | Found Kegg's Antique Armour Shop.
  3040 | D        | Found Jiaraq's Gadget Shoppe.
  3040 | D        | Found Utamm's Assorted Antiques.
  3040 | D        | Found Xostraoh's Distillery.
  3055 | D        | Noticed an oklob plant
  3055 | D        | Noticed an oklob plant
  3055 | D        | Noticed an oklob plant
  3055 | D        | Noticed an oklob plant
  3055 | D        | Noticed an oklob plant
  3055 | D        | Noticed an oklob plant
  3056 | D        | Noticed an oklob plant
  3057 | D        | Killed an oklob plant
  3058 | D        | Noticed an oklob plant
  3059 | D        | Killed an oklob plant
  3320 | D        | Noticed an oklob plant
  3322 | D        | Killed an oklob plant
  3322 | D        | Reached XP level 12. HP: 62/62 MP: 23/30
  3352 | D        | Reached skill level 17 in Stealth
  3483 | D        | Reached skill level 5 in Earth Magic
  3630 | D        | Noticed a spriggan defender
  3630 | D        | Noticed a spriggan defender
  3645 | D        | Killed a spriggan defender
  3645 | D        | Reached skill level 10 in Evocations
  3829 | D        | Mangled by a spriggan defender

Vault maps used:
D:        dungeon_sprint_fedhas

Skill      XL: |  1  2  3  4  5  6  7  8  9 10 11 12 |
---------------+-------------------------------------+-----
Spellcasting   | 3 4 5 7 8 9 11 12 13 14 | 14.0
Dodging        | 4 6 8 10 11 12 14 15 16 | 16.1
Stealth        | 5 7 9 10 11 12 13 15 16 17 | 17.6
Fighting       | 1 2 3 4 5 6 |  6.9
Short Blades   | 2 3 4 6 7 8 9 11 12 | 12.7
Armour         | 1 2 3 4 5 6 |  6.4
Hexes          | 4 5 6 7 8 9 10 | 10.7
Ice Magic      | 1 2 3 4 5 6 |  6.8
Evocations     | 1 3 4 5 6 7 8 9 10 | 10.2
Conjurations   | 2 3 4 5 6 |  6.1
Invocations    | 2 3 4 5 6 7 |  7.9
Translocations | 1 5 7 8 |  8.5
Earth Magic    | 1 3 4 5 |  5.2
Shields        | 3 4 |  4.4

Action                   |  1- 3 |  4- 6 |  7- 9 | 10-12 || total
-------------------------+-------+-------+-------+-------++-------
Melee: Dagger            |     8 |    17 |    62 |    28 ||   115
       Quick blade       |       |       |       |    25 ||    25
       Rapier            |       |       |       |    50 ||    50
 Cast: Ensorcelled Hiber |     3 |     1 |       |       ||     4
       Dazzling Spray    |       |     6 |     8 |    41 ||    55
       Tukima's Dance    |       |     2 |       |     2 ||     4
       Confuse           |       |     1 |     7 |     2 ||    10
       Corona            |       |     1 |       |     1 ||     2
       Gell's Gravitas   |       |       |       |     4 ||     4
       Leda's Liquefacti |       |       |       |     1 ||     1
Invok: Shadow Step       |       |       |     2 |    11 ||    13
 Abil: Evoke Invisibilit |     1 |     3 |     6 |     8 ||    18
  Use: Potion            |       |     1 |       |     8 ||     9
       Scroll            |       |       |       |     5 ||     5
 Stab: Sleeping          |     5 |     5 |    14 |    19 ||    43
       Invisible         |       |       |     5 |    23 ||    28
       Confused          |       |       |     2 |       ||     2
  Eat: Bread ration      |       |     1 |       |     1 ||     2
